 Dungeon Crawl Stone Soup version 0.24.0-123-gd5b16e6ec5 (webtiles) character file.

Game seed: 16661940248735996193, levelgen mode: deterministic

3913 Locuples the Covert (level 10, -1/67 HPs)
             Began as a Demonspawn Assassin on Jan 24, 2020.
             Was a Believer of Dithmenos.
             Slain by an unseen horror (4 damage)
             ... on level 10 of the Dungeon.
             The game lasted 00:44:38 (10705 turns).

Locuples the Covert (Demonspawn Assassin)          Turns: 10705, Time: 00:44:39

Health: -1/67      AC:  8    Str: 15    XL:     10   Next: 1%
Magic:  10/10      EV: 12    Int: 13    God:    Dithmenos [**....]
Gold:   315        SH:  0    Dex: 17    Spells: 9/9 levels left

rFire    + + .     SeeInvis .   l - +1 dagger (venom)
rCold    + + .     Gourm    .   (no shield)
rNeg     + . .     Faith    .   s - +2 robe {MR+}
rPois    .         Spirit   .   u - +0 helmet
rElec    .         Reflect  .   p - scarf {rC+ rF+}
rCorr    .         Harm     .   (gloves unavailable)
MR       +....                  (no boots)
Stlth    ++++++++..             q - amulet of the acrobat
HPRegen  0.21/turn              t - ring of protection from fire
MPRegen  0.12/turn              C - ring of Creativity {rC+ rN+ Str+3}

@: very slightly contaminated, wreathed by umbra
A: claws 3, yellow scales 2, demonic guardian 2, nightstalker 1
a: Shadow Step, Renounce Religion


You were on level 10 of the Dungeon.
You worshipped Dithmenos.
Dithmenos was pleased with you.
You were near starving.

You visited 2 branches of the dungeon, and saw 11 of its levels.

You collected 405 gold pieces.
You spent 90 gold pieces at shops.

Inventory:

Hand Weapons
 l - a +1 dagger of venom (weapon)
Armour
 d - the +0 leather armour of Igyheh {*Drain MR++ Int+8 Stlth-}
   (You found it on level 5 of the Dungeon)

   It affects your intelligence (+8).
   It affects your resistance to hostile enchantments.
   It causes draining when unequipped.
   It makes you less stealthy.
 p - a scarf of resistance (worn)
 s - a +2 robe of magic resistance (worn)
 u - a +0 helmet (worn)
Jewellery
 q - an amulet of the acrobat (around neck)
 t - a ring of protection from fire (left claw)
 v - an uncursed ring of wizardry
 w - an uncursed ring of magical power
 z - an uncursed ring of resist corrosion
 C - the ring of Creativity (right claw) {rC+ rN+ Str+3}
   (You found it on level 7 of the Dungeon)

   [ring of protection from cold]

   It affects your strength (+3).
   It protects you from cold.
   It protects you from negative energy.
Wands
 x - a wand of digging (7)
 F - a wand of enslavement (6)
Scrolls
 b - a scroll of magic mapping {unknown}
 c - 2 scrolls of immolation {unknown}
 h - 3 scrolls of blinking
 i - 8 scrolls of identify
 k - 2 scrolls of amnesia {unknown}
 m - 2 scrolls of enchant weapon {unknown}
 n - 3 scrolls of teleportation {unknown}
 y - 3 scrolls of remove curse
 A - 2 scrolls of fear {unknown}
 D - 2 scrolls of noise {unknown}
Potions
 a - a potion of berserk rage {unknown}
 e - a potion of brilliance {unknown}
 g - 4 potions of curing
 j - a potion of agility {unknown}
 o - a potion of flight {unknown}
 r - 2 potions of magic
 B - a potion of might {unknown}
 E - a potion of ambrosia {unknown}
 G - a potion of mutation {unknown}
Comestibles
 f - 7 rations


   Skills:
 - Level 2.0 Fighting
 + Level 7.3 Short Blades
 - Level 1.7 Throwing
 - Level 0.8 Dodging
 * Level 12.4 Stealth


You had 9 spell levels left.
You didn't know any spells.
Your spell library was empty.

Dungeon Overview and Level Annotations

Branches:
Dungeon (10/15)            Temple (1/1) D:7
   Lair: D:8-11         Orc: D:9-12

Altars:
Ashenzari
Cheibriados
Dithmenos
Elyvilon
Fedhas
Gozag
Hepliaklqana
Kikubaaqudgha
Makhleb
Nemelex Xobeh
Okawaru
Qazlal
Ru
Sif Muna
Vehumet
Wu Jian
Xom
Yredelemnul
Zin
The Shining One
Lugonu

Shops:
D:6 ((

Annotations:
D:7 3 runed translucent doors, Jynx's ghost, novice MiFi
D:9 Erolcha


Innate Abilities, Weirdness & Mutations

You have claws for hands.
You are mostly covered in yellow scales. (AC +3)
A demonic guardian rushes to your aid.
You are slightly more attuned to the shadows.


Message History

As you read the scroll of blinking, it crumbles to dust.
Dithmenos accepts your kill.
You have reached level 10!
Your demonic ancestry asserts itself...
Your hands twist into claws.
You feel a bit more experienced. Something hits you but does no damage.
Something closely misses you. Something hits you.
* * * LOW HITPOINT WARNING * * *
You start resting.
Something hits you.
* * * LOW HITPOINT WARNING * * *
Something hits you.
* * * LOW HITPOINT WARNING * * *
Something hits you.
* * * LOW HITPOINT WARNING * * *
You hit something but do no damage. Something hits you!
* * * LOW HITPOINT WARNING * * *
It was a potion of magic.
Magic courses through your body. Something hits you.
You die...

### .....#
.............# ...
.......## ##..
.......
#...##.....### ..
##....##.##...##
..####........#.....#
..........#....@..##
##..####..##...#....#
#...###...###..##...#
##..##Y...###### ..##
...††.<.....# ..#
.†.#.#.##.... ..#
...##### ##. ### ....
..Y.


There were no monsters in sight!

Vanquished Creatures
  Sigmund (D:2)
  3 yaks (D:10)
  A sky beast (D:7)
  3 phantoms
  A centaur (D:7)
  4 ogres
  A big kobold (D:4)
  3 bullfrogs
  12 killer bees
  4 scorpions
  A howler monkey (D:9)
  3 bullfrog zombies
  4 crimson imps
  A quasit (D:6)
  7 hounds
  3 orc priests
  A bullfrog skeleton (D:8)
  An orc wizard (D:6)
  Jessica (D:3)
  Terence (D:2)
  2 iguanas
  5 worker ants
  2 hell rats (D:8)
  2 hound zombies
  A hound skeleton (D:4)
  Robin (D:3)
  15 adders
  3 river rats (D:8)
  2 shadow imps
  An ooze (D:4)
  2 adder zombies (D:8)
  2 dart slugs (D:2)
  15 leopard geckos
  8 orcs
  2 ball pythons
  6 giant cockroaches
  18 goblins
  11 hobgoblins
  15 jackals
  13 quokkas
  10 bats
  5 frilled lizards
  7 kobolds
  A quokka skeleton (D:7)
  A quokka zombie (D:8)
  25 rats
231 creatures vanquished.

Vanquished Creatures (collateral kills)
  A yak (D:10)
  Purgy (D:3)
  2 ogres
  7 killer bees
  3 wights (D:9)
  A howler monkey (D:9)
  An electric eel (D:6)
  An iguana (D:6)
  A worker ant (D:4)
  An ooze (D:7)
  A worm (D:3)
  4 jackals
  A quokka (D:7)
25 creatures vanquished.

Grand Total: 256 creatures vanquished

Notes
Turn   | Place    | Note
-------+----------+-------------------------------------------
     0 | D:1      | Locuples the Demonspawn Assassin began the quest for the
                  | Orb.
     0 | D:1      | Reached XP level 1. HP: 16/16 MP: 1/1
   270 | D:1      | Reached skill level 4 in Stealth
   371 | D:1      | Gained mutation: You have sharp fingernails. [demonic
                  | ancestry]
   371 | D:1      | Reached XP level 2. HP: 22/22 MP: 2/2
   819 | D:1      | Gained mutation: You are partially covered in yellow
                  | scales. (AC +2) [demonic ancestry]
   819 | D:1      | Reached XP level 3. HP: 25/27 MP: 3/3
  1125 | D:2      | Noticed Terence
  1136 | D:2      | Killed Terence
  1136 | D:2      | Reached skill level 5 in Stealth
  1136 | D:2      | Gained mutation: You are slightly more attuned to the
                  | shadows. [demonic ancestry]
  1136 | D:2      | Reached XP level 4. HP: 27/33 MP: 4/4
  1405 | D:2      | Found a glowing golden altar of the Shining One.
  1556 | D:2      | Found a blossoming altar of Fedhas.
  1690 | D:2      | Found a stormy altar of Qazlal.
  1715 | D:2      | Noticed Sigmund
  1719 | D:2      | Found a sparkling altar of Nemelex Xobeh.
  1721 | D:2      | Killed Sigmund
  1721 | D:2      | Reached skill level 6 in Stealth
  1721 | D:2      | Reached XP level 5. HP: 38/38 MP: 5/5
  1721 | D:2      | Gained mutation: A weak demonic guardian rushes to your
                  | aid. [demonic ancestry]
  1721 | D:2      | Reached XP level 6. HP: 44/44 MP: 6/6
  1909 | D:3      | Noticed Jessica
  1920 | D:3      | Killed Jessica
  2078 | D:3      | Found a shimmering blue altar of Sif Muna.
  2114 | D:3      | Found an opulent altar of Gozag.
  2115 | D:3      | Found a hazy altar of Hepliaklqana.
  2116 | D:3      | Found a radiant altar of Vehumet.
  2116 | D:3      | Found a white marble altar of Elyvilon.
  2311 | D:3      | Noticed Purgy
  2325 | D:3      | Killed Purgy
  2356 | D:3      | Reached skill level 7 in Stealth
  2378 | D:3      | Noticed Robin
  2429 | D:3      | Killed Robin
  3058 | D:4      | Gained mutation: You are mostly covered in yellow scales.
                  | (AC +3) [demonic ancestry]
  3058 | D:4      | Reached XP level 7. HP: 50/50 MP: 7/7
  3509 | D:4      | Reached skill level 8 in Stealth
  3738 | D:4      | Found a shimmering altar of Xom.
  3861 | D:5      | Entered Level 5 of the Dungeon
  3970 | D:5      | Gained mutation: You have very sharp fingernails. [demonic
                  | ancestry]
  3970 | D:5      | Reached XP level 8. HP: 46/56 MP: 8/8
  4103 | D:5      | Reached skill level 5 in Short Blades
  4103 | D:5      | Reached skill level 9 in Stealth
  4261 | D:5      | Got a steaming leather armour
  4341 | D:5      | Identified the cursed +0 leather armour of Igyheh {*Drain
                  | MR++ Int+8 Stlth-} (You found it on level 5 of the Dungeon)
  4957 | D:5      | You fall into a shaft and drop 3 floors!
  5070 | D:7      | Found a shattered altar of Ashenzari.
  5085 | D:7      | Got a brightly glowing bronze ring
  5249 | D:6      | Found Zin's Purification Station.
  5256 | D:6      | Found a glowing silver altar of Zin.
  5260 | D:6      | Bought a potion of curing for 90 gold pieces
  5363 | D:6      | Reached skill level 10 in Stealth
  5458 | D:6      | Found Xeleezi's Antique Weapon Boutique.
  5513 | D:6      | Identified the ring of Creativity {rC+ rN+ Str+3} (You
                  | found it on level 7 of the Dungeon)
  5515 | D:6      | HP: 1/56 [orc priest/divine providence (16)]
  6240 | D:7      | Gained mutation: A demonic guardian rushes to your aid.
                  | [demonic ancestry]
  6240 | D:7      | Reached XP level 9. HP: 22/61 MP: 9/9
  6485 | D:7      | Found a white marble altar of Elyvilon.
  6598 | D:7      | Found a shadowy altar of Dithmenos.
  6616 | D:7      | Found a staircase to the Ecumenical Temple.
  6630 | Temple   | Entered the Ecumenical Temple
  7082 | D:7      | Found a runed translucent gate.
  7083 | D:7      | Found a runed translucent gate.
  7084 | D:7      | Found a runed translucent gate.
  7085 | D:7      | Noticed Jynx's ghost (novice MiFi)
  7827 | D:6      | Found Kuma's Weapon Shop.
  8164 | D:7      | Became a worshipper of Dithmenos the Shadowed
  8358 | D:7      | Reached skill level 11 in Stealth
  8647 | D:8      | Found a sacrificial altar of Ru.
  9052 | D:8      | Reached * piety under Dithmenos
  9951 | D:9      | Reached ** piety under Dithmenos
 10208 | D:9      | Reached skill level 12 in Stealth
 10379 | D:9      | Noticed Erolcha
 10660 | D:10     | Entered Level 10 of the Dungeon
 10698 | D:10     | Gained mutation: You have claws for hands. [demonic
                  | ancestry]
 10698 | D:10     | Reached XP level 10. HP: 17/67 MP: 10/10
 10704 | D:10     | HP: 2/67 [something (7)]
 10705 | D:10     | Slain by an unseen horror

Levels and vault maps discovered:
D:1:      lemuel_arrival_hallway, layout_loops_ring
D:2:      layout_loops_ring, grunt_temple_overflow_forces_of_nature,
          tso_metal_star, nicolae_overflow_hidden_temple, first_ration,
          uniq_sigmund, uniq_terence
D:3:      layout_basic, lemuel_blue_sif_altar,
          chequers_temple_overflow_statue_of_worship,
          ebering_dispersal_statue_hall, uniq_purgy, uniq_jessica, uniq_robin
D:4:      layout_rooms, kennysheep_little_box
D:5:      layout_cave_pools, lightli_ossuary_entry_decrepit_ruins,
          grunt_ministairs_6, kennysheep_generic_room_2
D:6:      layout_rooms, zin_purify, serial_shops, shop, shop,
          grunt_ministairs_4, serial_bayou_ford_a
D:7:      hangedman_cross_stitches, layout_rooms, grunt_dithmenos_smoke,
          evilmike_ruin_ashenzari, minmay_temple_entry_enclosed_plants,
          biasface_ghost_orc_armoury, elyvilon_altar_1
D:8:      lemuel_ratsnest, layout_basic, basic_altar
D:9:      layout_layer_cave, kennysheep_mini, bloody_trog, ebering_ghost_xom,
          serial_shops, nicolae_shop_window_shopping, david_nohive_1,
          chequers_serial_rivers_micro_b, uniq_erolcha
D:10:     layout_cave_pools, david_orc_4
Temple:   corrupted_temple

Skill      XL: |  1  2  3  4  5  6  7  8  9 |
---------------+----------------------------+-----
Stealth        | 4 5 6 7 8 10 12 | 12.4
Short Blades   | 2 3 4 6 7 |  7.3
Fighting       | |  2.0
Throwing       | |  1.7
Dodging        | |  0.8

Action                   |  1- 3 |  4- 6 |  7- 9 | 10-12 || total
-------------------------+-------+-------+-------+-------++-------
Melee: Dagger            |    85 |   148 |   822 |     1 ||  1056
Throw: Dart              |       |     6 |    34 |       ||    40
Invok: Shadow Step       |       |       |     1 |       ||     1
  Use: Potion            |       |     1 |     2 |     1 ||     4
       Scroll            |       |       |     5 |       ||     5
 Stab: Sleeping          |     3 |    16 |    34 |       ||    53
       Distracted        |       |       |     5 |       ||     5
  Eat: Chunk             |       |     7 |    16 |       ||    23
       Ration            |       |       |     2 |       ||     2
Armor: Robe              |    28 |    44 |   220 |     1 ||   293
Dodge: Dodged            |    61 |    96 |   477 |     1 ||   635
